 Dungeon Sprint DCSS version 0.21-a0-274-gc1afaeb (webtiles) character file.

78780 Kidiri the Sorcerer (level 14, -16/90 HPs)
             Began as a Deep Elf Fire Elementalist on Sept 19, 2017.
             Was the Champion of Vehumet.
             Shot with a bolt by a yaktaur captain (49 damage)
             ... in the Dungeon (Sprint III: "The Ten Rune Challenge").
             The game lasted 00:51:18 (8093 turns).

Kidiri the Sorcerer (Deep Elf Fire Elementalist)    Turns: 8093, Time: 00:51:18

Health: -16/90     AC: 10    Str:  5    XL:     14   Next: 21%
Magic:  43/52      EV: 16    Int: 37    God:    Vehumet [******]
Gold:   1369       SH:  0    Dex: 17    Spells: 6/59 levels left

rFire    . . .     SeeInvis +   j - +5 spear of Darkness {freeze, Int+6 Stlth+}
rCold    . . .     Gourm    .   (no shield)
rNeg     + . .     Faith    .   l - +1 ring mail "Dunaig" {SInv}
rPois    .         Spirit   .   w - +0 hat {MR+}
rElec    .         Reflect  .   L - +0 cloak
rCorr    .         Harm     +   (no gloves)
MR       ++...     NoTele   +   (no boots)
Stlth    +++.......             J - amulet "Osaomit" {Harm *Drain MP+9 SInv}
HPRegen  0.25/turn              t - ring of Cuwain {Wiz rN+}
MPRegen  0.33/turn              g - +5 ring of intelligence

@: no status effects
A: agile 1, wild magic 1
}: 2/10 runes: decaying, serpentine
a: Renounce Religion


You were in the Dungeon.
You worshipped Vehumet.
Vehumet was exalted by your worship.
You were not hungry.

You visited 1 branch You collected 2767 gold pieces.
You spent 1398 gold pieces at shops.

Inventory:

Hand Weapons
 c - a +6 quick blade
 j - the +5 spear of Darkness (weapon) {freeze, Int+6 Stlth+}
   (You took it off a deep elf annihilator in the Dungeon)

   It has been specially enchanted to freeze those struck by it, causing extra
   injury to most foes and up to half again as much damage against particularly
   susceptible opponents.
   It can also slow down cold-blooded creatures.
   It affects your intelligence (+6).
   It makes you more stealthy.
 p - the +4 quarterstaff of Desperation {elec, Dex+3}
   (You bought it in a shop in the Dungeon)

   Occasionally, upon striking a foe, it will discharge some electrical energy
   and cause terrible harm.
   It affects your dexterity (+3).
Armour
 a - a +1 robe of the Archmagi
 k - a +2 robe of poison resistance
 l - the +1 ring mail "Dunaig" (worn) {SInv}
   (You took it off a deep elf high priest in the Dungeon)

   It lets you see invisible.
 w - a +0 hat of magic resistance (worn)
 L - a +0 cloak (worn)
Jewellery
 g - a +5 ring of intelligence (right hand)
 q - the ring "Haew" {Fire rN++}
   (You found it in the Dungeon)

   [ring of fire]

   It enhances your fire magic.
   It protects you from fire.
   It makes you vulnerable to cold.
   It greatly protects you from negative energy.
 t - the ring of Cuwain (left hand) {Wiz rN+}
   (You took it off a deep elf demonologist in the Dungeon)

   [ring of wizardry]

   It improves your spell success rate.
   It protects you from negative energy.
 J - the amulet "Osaomit" (around neck) {Harm *Drain MP+9 SInv}
   (You found it in the Dungeon)

   [amulet of harm]

   It increases damage dealt and taken.
   It affects your magic capacity (+9).
   It lets you see invisible.
   It causes draining when unequipped.
Wands
 b - a wand of acid (4/15)
 d - a wand of paralysis (9/24)
 y - a wand of confusion (29/48)
 z - a wand of acid (7/15)
 A - a wand of scattershot (4/9)
Scrolls
 e - a scroll of blinking
 f - a scroll of remove curse
 h - 4 scrolls of amnesia
 B - a scroll of fear
Potions
 n - a potion of berserk rage
 o - a potion of brilliance
 r - 7 potions of curing
 u - 4 potions of haste
 F - 3 potions of heal wounds
 G - 2 potions of lignification
 H - 2 potions of magic
 K - 2 potions of mutation
 M - a potion of agility
Books
 N - a book of Clouds

   Spells                             Type                      Level
   a - Poisonous Vapours              Poison/Air                   2
   b - Mephitic Cloud                 Conjuration/Poison/Air       3
   c - Conjure Flame                  Conjuration/Fire             3
   d - Freezing Cloud                 Conjuration/Ice/Air          6
   e - Ring of Flames                 Charms/Fire                  7
Comestibles
 O - a bread ration
 P - a meat ration
 Q - 29 royal jellies


   Skills:
 + Level 11.2 Fighting
 + Level 13.1 Short Blades
 + Level 11.1 Armour
 - Level 13.5 Dodging
 - Level 2.4 Stealth
 * Level 23.1 Spellcasting
 + Level 14.8 Conjurations
 + Level 15.2 Fire Magic
 + Level 9.2 Ice Magic
 + Level 8.3 Air Magic
 + Level 12.1 Earth Magic


You had 6 spell levels left.
You knew the following spells:

 Your Spells              Type           Power        Failure   Level  Hunger
a - Flame Tongue          Conj/Fire      #####        1%          1    None
b - Throw Flame           Conj/Fire      ######       1%          2    None
c - Conjure Flame         Conj/Fire      ########     1%          3    None
d - Inner Flame           Hex/Fire       #######.     1%          3    None
e - Sticky Flame          Conj/Fire      ########     1%          4    None
f - Fireball              Conj/Fire      ########..   1%          5    None
g - Bolt of Magma         Conj/Fire/Erth ########..   1%          5    None
h - Bolt of Fire          Conj/Fire      ########..   1%          6    None
i - Freezing Cloud        Conj/Ice/Air   ########..   1%          6    None
j - Lee's Rapid Deconstr  Erth           ########..   1%          5    None
k - Iron Shot             Conj/Erth      ########..   1%          6    None
l - Orb of Destruction    Conj           ########..   1%          7    None


Dungeon Overview and Level Annotations

Branches:
Dungeon (1/1)

Altars:
Cheibriados
Dithmenos
Elyvilon
Fedhas
Gozag
Hepliaklqana
Kikubaaqudgha
Makhleb
Nemelex Xobeh
Okawaru
Qazlal
Ru
Sif Muna
Trog
Uskayaw
Vehumet
Wu Jian
Xom
Yredelemnul
Zin
The Shining One
Beogh
Jiyva
Lugonu

Shops:
D (!=(!:=%![:*?%}=(?}

Annotations:
D exclusions: 3 doors and 2 more exclusions


Innate Abilities, Weirdness & Mutations

You are agile. (Dex +2)
Your spells are a little harder to cast, but a little more powerful.


Message History

The bush is engulfed in freezing vapours. x3
Something hits the bush.
The bush is engulfed in freezing vapours. x2
You destroy the bush!
The bush is engulfed in freezing vapours.
Casting: Freezing Cloud
Confirm with . or Enter, or press ? or * to list all spells.
Aiming: Orb of Destruction
Press: ? - help, Shift-Dir - straight line, f/p - yaktaur captain
Aim: a yaktaur captain (freezing vapour, moderately wounded)
The bush is engulfed in freezing vapours. x2
The yaktaur captain is engulfed in freezing vapours.
The yaktaur captain wields an arbalest of chaos.
It is briefly surrounded by a scintillating aura of random colours.
The yaktaur captain shoots a bolt.
The bolt hits you!
The bush is engulfed in freezing vapours.
The yaktaur captain is engulfed in freezing vapours.
The yaktaur captain shoots a bolt.
The bolt hits you!!!
Ouch! That really hurt!
You die...

#...#...#..#.. PP.#
##+###+##..#..P.P.#
##.......+..#..PcP.#
.#.#####.####......#
.'.#.(.+(#[.#...*..#
.#######.+..#...§..#
##.. ..#.####...§..#
.#.)#..#.#..#..§...#
.#.#.#.#.'..#..§@..#
.#.....#)#..#......#
.#.....#)#..'......#
.#.#.#.+)#..#......#
##..#..#.#..#......#
.#"....###########+#
.####### .# .#


You could see a yaktaur captain.

Vanquished Creatures
  Rupert (D)
  A deep elf master archer (D)
  Gastronok (D)
  Dowan (D)
  A nagaraja (D)
  3 deep elf demonologists (D)
  A deep elf annihilator (D)
  2 dire elephants (D)
  A deep elf death mage (D)
  A fire dragon (D)
  Josephine (D)
  A deep elf high priest (D)
  A naga warrior (D)
  3 anacondas (D)
  3 hydras (D)
  2 centaur warriors (D)
  3 ice dragons (D)
  4 dancing weapons (D)
  3 orc high priests (D)
  4 death yaks (D)
  Urug (D)
  An unseen horror (D)
  A death drake (D)
  A spriggan druid (D)
  A sea snake (shapeshifter) (D)
  An orange crystal statue (D)
  A lindwurm (D)
  An orc knight (D)
  2 orc sorcerers (D)
  6 deep elf magi (D)
  3 ugly things (D)
  2 elephants (D)
  7 black mambas (D)
  A guardian serpent (D)
  Duvessa (D)
  2 spiny frogs (D)
  A komodo dragon (D)
  A rime drake (D)
  A queen bee (D)
  4 spriggan defenders (D)
  2 tyrant leeches (D)
  3 wandering mushrooms (D)
  8 blink frogs (D)
  2 spriggans (D)
  3 redbacks (D)
  A shadow (D)
  2 nagas (D)
  A spatial vortex (D)
  4 water moccasins (D)
  2 hydra simulacra (D)
  A swamp drake (D)
  A fire dragon simulacrum (D)
  A black mamba simulacrum (D)
  A necrophage (D)
  2 centaurs (D)
  A water elemental (D)
  A scorpion (D)
  32 killer bees (D)
  An electric eel (D)
  3 orc priests (D)
  A jelly (D)
  Jessica (D)
  A wizard (D)
  5 orc wizards (D)
  A necromancer (D)
  A wolf simulacrum (D)
  3 humans (D)
  A kobold demonologist (D)
  5 adders (D)
  2 swamp drake simulacra (D)
  An ooze (D)
  6 orcs (D)
  A jackal (D)
  A kobold (D)
  2 rats (D)
  A bush (D)
  16 plants (D)
198 creatures vanquished.

Vanquished Creatures (others)
  2 draconian scorchers (D)
  6 hellions (D)
  3 yaktaurs (D)
  A plant (D)
12 creatures vanquished.

Grand Total: 210 creatures vanquished

Notes
Turn   | Place    | Note
-------+----------+-------------------------------------------
     0 | D        | Kidiri the Deep Elf Fire Elementalist began the quest for the Orb.
     0 | D        | Reached XP level 1. HP: 10/10 MP: 6/6
     9 | D        | Reached skill level 4 in Spellcasting
   158 | D        | Killed a yaktaur
   169 | D        | Killed a hellion
   179 | D        | Killed a hellion
   185 | D        | Killed a hellion
   188 | D        | Killed a hellion
   199 | D        | Killed a white draconian scorcher
   208 | D        | Killed a hellion
   247 | D        | Killed a hellion
   252 | D        | Killed a white draconian scorcher
   282 | D        | Noticed Jessica
   283 | D        | Killed Jessica
   283 | D        | Reached skill level 6 in Spellcasting
   283 | D        | Reached XP level 2. HP: 15/15 MP: 6/11
   283 | D        | Reached XP level 3. HP: 19/19 MP: 6/12
   286 | D        | Killed a yaktaur
   287 | D        | Learned a level 2 spell: Throw Flame
   338 | D        | Learned a level 3 spell: Conjure Flame
   342 | D        | Learned a level 3 spell: Inner Flame
   344 | D        | Noticed a scorpion
   351 | D        | Killed a scorpion
   351 | D        | Reached skill level 8 in Spellcasting
   351 | D        | Reached skill level 5 in Fire Magic
   351 | D        | Reached XP level 4. HP: 24/24 MP: 10/16
   357 | D        | Learned a level 4 spell: Sticky Flame
   372 | D        | Gained mutation: You are agile. (Dex +2) [potion of mutation]
   372 | D        | Gained mutation: Your spells are a little harder to cast, but a little more powerful. [potion of mutation]
   461 | D        | Noticed a water elemental
   463 | D        | Killed a water elemental
   463 | D        | Reached skill level 10 in Spellcasting
   463 | D        | Reached skill level 5 in Conjurations
   463 | D        | Reached XP level 5. HP: 28/28 MP: 11/19
   470 | D        | Learned a level 5 spell: Fireball
   511 | D        | Found a radiant altar of Vehumet.
   512 | D        | Found a deep blue altar of Sif Muna.
   512 | D        | Found an ancient bone altar of Kikubaaqudgha.
   513 | D        | Reached skill level 1 in Short Blades
   514 | D        | Reached skill level 1 in Fighting
   514 | D        | Reached skill level 1 in Armour
   517 | D        | Became a worshipper of Vehumet
   618 | D        | Found a glowing silver altar of Zin.
   619 | D        | Found a glowing golden altar of the Shining One.
   619 | D        | Found a white marble altar of Elyvilon.
   619 | D        | Noticed a deep elf mage
   624 | D        | Killed a deep elf mage
   624 | D        | Reached skill level 5 in Dodging
   624 | D        | Reached skill level 12 in Spellcasting
   624 | D        | Reached XP level 6. HP: 37/37 MP: 13/23
   624 | D        | Reached XP level 7. HP: 41/41 MP: 13/24
   682 | D        | Found an ornate altar of the Wu Jian Council.
   682 | D        | Found a roughly hewn altar of Beogh.
   682 | D        | Found an iron altar of Okawaru.
   682 | D        | Found a bloodstained altar of Trog.
   682 | D        | Found a hide-covered altar of Uskayaw.
   682 | D        | Noticed a human
   684 | D        | Noticed a human
   691 | D        | Killed a human
   694 | D        | Killed a human
   694 | D        | Reached * piety under Vehumet
   694 | D        | Offered knowledge of Sandblast by Vehumet.
   817 | D        | Found a basalt altar of Yredelemnul.
   817 | D        | Found a shadowy altar of Dithmenos.
   817 | D        | Found a sacrificial altar of Ru.
   818 | D        | Reached skill level 13 in Spellcasting
   881 | D        | Noticed a shadow
   882 | D        | Killed a shadow
   882 | D        | Reached ** piety under Vehumet
   882 | D        | Offered knowledge of Shock by Vehumet.
   882 | D        | Reached XP level 8. HP: 48/48 MP: 18/27
   882 | D        | Reached skill level 5 in Short Blades
   927 | D        | Found a blossoming altar of Fedhas.
   927 | D        | Found a stormy altar of Qazlal.
   927 | D        | Found a snail-covered altar of Cheibriados.
   927 | D        | Found a burning altar of Makhleb.
   927 | D        | Found a shimmering altar of Xom.
   928 | D        | Found a hazy altar of Hepliaklqana.
   928 | D        | Found an opulent altar of Gozag.
   928 | D        | Found a sparkling altar of Nemelex Xobeh.
   928 | D        | Found a corrupted altar of Lugonu.
   928 | D        | Found a viscous altar of Jiyva.
  1009 | D        | Noticed Josephine
  1010 | D        | Killed Josephine
  1010 | D        | Reached skill level 5 in Fighting
  1010 | D        | Reached skill level 5 in Armour
  1010 | D        | Reached skill level 14 in Spellcasting
  1010 | D        | Reached XP level 9. HP: 54/54 MP: 12/29
  1167 | D        | Noticed a centaur warrior
  1168 | D        | Offered knowledge of Stone Arrow by Vehumet.
  1168 | D        | Reached *** piety under Vehumet
  1173 | D        | Killed a centaur warrior
  1173 | D        | Reached skill level 15 in Spellcasting
  1173 | D        | Reached skill level 10 in Fire Magic
  1272 | D        | Learned a level 3 spell: Stone Arrow
  1445 | D        | Noticed an unseen horror
  1449 | D        | Killed an unseen horror
  1449 | D        | Offered knowledge of Dazzling Spray by Vehumet.
  1449 | D        | Reached skill level 1 in Earth Magic
  1631 | D        | Noticed a queen bee
  1632 | D        | Reached **** piety under Vehumet
  1636 | D        | Offered knowledge of Lee's Rapid Deconstruction by Vehumet.
  1652 | D        | Reached ***** piety under Vehumet
  1664 | D        | Reached XP level 10. HP: 22/60 MP: 17/31
  1665 | D        | Reached skill level 16 in Spellcasting
  1665 | D        | Reached ****** piety under Vehumet
  1669 | D        | Reached skill level 10 in Conjurations
  1685 | D        | Learned a level 5 spell: Lee's Rapid Deconstruction
  1854 | D        | Offered knowledge of Bolt of Magma by Vehumet.
  1854 | D        | Reached skill level 10 in Dodging
  1861 | D        | Learned a level 5 spell: Bolt of Magma
  1894 | D        | Noticed a spiny frog
  1894 | D        | Noticed a spiny frog
  1896 | D        | Killed a spiny frog
  1899 | D        | Killed a spiny frog
  1899 | D        | Reached skill level 17 in Spellcasting
  1986 | D        | Reached skill level 5 in Earth Magic
  2073 | D        | Noticed a lindwurm
  2076 | D        | Killed a lindwurm
  2105 | D        | Reached XP level 11. HP: 67/67 MP: 34/34
  2106 | D        | Noticed Urug
  2113 | D        | Killed Urug
  2344 | D        | Offered knowledge of Bolt of Fire by Vehumet.
  2356 | D        | Learned a level 6 spell: Bolt of Fire
  2384 | D        | Got a shimmering copper ring
  2416 | D        | Identified the ring "Haew" {Fire rN++} (You found it in the Dungeon)
  2525 | D        | Reached skill level 18 in Spellcasting
  2525 | D        | Offered knowledge of Iron Shot by Vehumet.
  2572 | D        | Learned a level 6 spell: Iron Shot
  2574 | D        | Noticed Rupert
  2580 | D        | Killed Rupert
  2682 | D        | Noticed a death yak
  2683 | D        | Noticed a death yak
  2688 | D        | Noticed a death yak
  2689 | D        | Killed a death yak
  2690 | D        | Noticed a death yak
  2691 | D        | Killed a death yak
  2693 | D        | Killed a death yak
  2693 | D        | Reached skill level 10 in Short Blades
  2693 | D        | Reached skill level 19 in Spellcasting
  2694 | D        | Killed a death yak
  2699 | D        | Offered knowledge of Ozocubu's Refrigeration by Vehumet.
  2789 | D        | Noticed an azure jelly
  2789 | D        | Noticed an azure jelly
  2792 | D        | Reached XP level 12. HP: 75/75 MP: 30/37
  2849 | D        | Noticed an ice dragon
  2850 | D        | Killed an ice dragon
  2854 | D        | Found Ofepp's Antique Weapon Shoppe.
  2854 | D        | Found Zayl's Distillery.
  2855 | D        | Found Gamoqu's Jewellery Emporium.
  2922 | D        | Noticed an ice dragon
  2929 | D        | Killed an ice dragon
  2944 | D        | Noticed an ice dragon
  2944 | D        | Killed an ice dragon
  2944 | D        | Offered knowledge of Freezing Cloud by Vehumet.
  2952 | D        | Learned a level 6 spell: Freezing Cloud
  3176 | D        | Noticed a five-headed hydra
  3177 | D        | Killed a five-headed hydra
  3177 | D        | Reached skill level 1 in Ice Magic
  3250 | D        | Got a decaying rune of Zot
  3397 | D        | Noticed an azure jelly
  3397 | D        | Noticed an azure jelly
  3398 | D        | Noticed a dire elephant
  3398 | D        | Noticed a dire elephant
  3398 | D        | Noticed Gastronok
  3404 | D        | Killed a dire elephant
  3404 | D        | Reached skill level 1 in Air Magic
  3406 | D        | Killed a dire elephant
  3406 | D        | Killed Gastronok
  3406 | D        | Reached skill level 20 in Spellcasting
  3555 | D        | Noticed a four-headed hydra
  3556 | D        | Noticed a four-headed hydra
  3559 | D        | Killed a four-headed hydra
  3559 | D        | Offered knowledge of Bolt of Cold by Vehumet.
  3559 | D        | Killed a four-headed hydra
  3700 | D        | Found a blossoming altar of Fedhas.
  3700 | D        | Paralysed by a spriggan for 4 turns
  3837 | D        | Noticed an anaconda
  3837 | D        | Noticed an anaconda
  3840 | D        | Offered knowledge of Orb of Destruction by Vehumet.
  3841 | D        | Killed an anaconda
  3844 | D        | Killed an anaconda
  3844 | D        | Reached skill level 5 in Ice Magic
  3844 | D        | Reached XP level 13. HP: 81/81 MP: 19/39
  3971 | D        | Reached skill level 10 in Earth Magic
  4074 | D        | Learned a level 7 spell: Orb of Destruction
  4293 | D        | Noticed a nagaraja
  4299 | D        | Reached skill level 21 in Spellcasting
  4300 | D        | Killed a nagaraja
  4300 | D        | Reached skill level 5 in Air Magic
  4301 | D        | Reached skill level 10 in Fighting
  4303 | D        | Found Qerudd's Antique Weapon Shop.
  4303 | D        | Found Guupt's Distillery.
  4305 | D        | Found Astinump's Book Boutique.
  4422 | D        | Got a serpentine rune of Zot
  4562 | D        | Offered knowledge of Lehudib's Crystal Spear by Vehumet.
  4562 | D        | Offered knowledge of Fire Storm by Vehumet.
  4562 | D        | Offered knowledge of Tornado by Vehumet.
  4565 | D        | Found a roughly hewn altar of Beogh.
  4569 | D        | Reached skill level 10 in Armour
  4589 | D        | Found Maclus's Jewellery Emporium.
  4888 | D        | Bought a potion of magic for 80 gold pieces
  4888 | D        | Bought a potion of curing for 30 gold pieces
  4888 | D        | Bought a potion of curing for 30 gold pieces
  4888 | D        | Bought a potion of curing for 30 gold pieces
  4889 | D        | Bought a book of Clouds for 495 gold pieces
  5287 | D        | Bought a potion of heal wounds for 70 gold pieces
  5287 | D        | Bought a potion of curing for 42 gold pieces
  5287 | D        | Bought a potion of curing for 42 gold pieces
  5288 | D        | Bought a steaming quarterstaff for 207 gold pieces
  5288 | D        | Identified the +4 quarterstaff of Desperation {elec, Dex+3} (You bought it in a shop in the Dungeon)
  5503 | D        | Noticed a deep elf demonologist
  5529 | D        | Killed a deep elf demonologist
  5533 | D        | Noticed a deep elf demonologist
  5533 | D        | Noticed a deep elf annihilator
  5540 | D        | Killed a deep elf demonologist
  5542 | D        | Noticed a deep elf death mage
  5542 | D        | Killed a deep elf annihilator
  5550 | D        | Noticed a deep elf master archer
  5550 | D        | Killed a deep elf master archer
  5550 | D        | Reached skill level 22 in Spellcasting
  5680 | D        | Noticed a deep elf demonologist
  5681 | D        | Killed a deep elf demonologist
  5694 | D        | Killed a deep elf death mage
  5998 | D        | Bought a potion of flight for 30 gold pieces
  6239 | D        | Got a pitted platinum amulet
  6242 | D        | Got a faintly glowing spear {freeze}
  6244 | D        | Got a twisted ring mail
  6253 | D        | Got a fine golden ring
  6266 | D        | Got a polished arbalest
  6272 | D        | Got a heavily runed bronze amulet
  6272 | D        | Got a brightly glowing tin amulet
  6304 | D        | Identified the ring of Cuwain {Wiz rN+} (You took it off a deep elf demonologist in the Dungeon)
  6305 | D        | Identified the amulet of Ynewn {Harm *Corrode *Drain Str+6} (You took it off a deep elf annihilator in the Dungeon)
  6307 | D        | Identified the amulet of Mohef {Harm *Drain rElec} (You found it in the Dungeon)
  6309 | D        | Identified the amulet "Osaomit" {Harm *Drain MP+9 SInv} (You found it in the Dungeon)
  6310 | D        | Identified the cursed +3 arbalest of Nightmares {elec, rC+ Dex+4} (You found it in the Dungeon)
  6399 | D        | Identified the cursed +1 ring mail "Dunaig" {SInv} (You took it off a deep elf high priest in the Dungeon)
  6463 | D        | Noticed Dowan
  6463 | D        | Noticed Duvessa
  6466 | D        | Killed Dowan
  6470 | D        | Killed Duvessa
  6562 | D        | Identified the +5 spear of Darkness {freeze, Int+6 Stlth+} (You took it off a deep elf annihilator in the Dungeon)
  6729 | D        | Found Puyriah's Magic Scroll Emporium.
  6729 | D        | Found Sairchomu's Gadget Shop.
  6729 | D        | Found Avugiew's Book Boutique.
  6729 | D        | Found Guwyc's Gadget Shoppe.
  6729 | D        | Found Otimic Baint's Assorted Antiques.
  6729 | D        | Found Plog's Food Emporium.
  6729 | D        | Found Cimyah's Antique Armour Shoppe.
  6729 | D        | Found Ecwis's Magic Scroll Shop.
  6729 | D        | Found Mapi Hisy's Distillery.
  6729 | D        | Found Ofurphos's Antique Weapon Emporium.
  6729 | D        | Found Timus's Food Emporium.
  6729 | D        | Found Onadena's Jewellery Boutique.
  6745 | D        | Bought a potion of heal wounds for 70 gold pieces
  6745 | D        | Bought a potion of haste for 140 gold pieces
  6748 | D        | Bought a scroll of identify for 22 gold pieces
  6748 | D        | Bought a scroll of identify for 22 gold pieces
  6748 | D        | Bought a scroll of remove curse for 33 gold pieces
  6748 | D        | Bought a scroll of identify for 22 gold pieces
  6748 | D        | Bought a scroll of remove curse for 33 gold pieces
  6822 | D        | Reached XP level 14. HP: 22/88 MP: 23/42
  7511 | D        | Reached skill level 15 in Fire Magic
  7608 | D        | Reached skill level 23 in Spellcasting
  8093 | D        | Shot with a bolt by a yaktaur captain

Vault maps used:
D:        dungeon_sprint_mu

Skill      XL: |  1  2  3  4  5  6  7  8  9 10 11 12 13 14 |
---------------+-------------------------------------------+-----
Spellcasting   | 6 8 10 12 13 14 15 17 19 20 22 23 | 23.1
Conjurations   | 3 4 5 7 8 9 10 12 13 14 | 14.8
Fire Magic     | 4 5 6 7 8 9 10 11 12 13 14 15 | 15.2
Short Blades   | 3 4 6 7 8 10 11 12 13 | 13.1
Fighting       | 3 4 5 6 7 8 9 10 11 | 11.2
Armour         | 3 4 5 6 7 8 9 10 11 | 11.1
Dodging        | 5 6 7 9 10 12 13 | 13.5
Earth Magic    | 2 5 8 9 11 12 | 12.1
Ice Magic      | 5 8 9 |  9.2
Air Magic      | 4 7 8 |  8.3
Stealth        | |  2.4

Action                   |  1- 3 |  4- 6 |  7- 9 | 10-12 | 13-15 || total
-------------------------+-------+-------+-------+-------+-------++-------
Melee: Dagger            |     1 |     1 |     1 |     3 |       ||     6
       Rapier            |       |       |       |     6 |     4 ||    10
       Spear             |       |       |       |       |     1 ||     1
 Cast: Flame Tongue      |    10 |     6 |    45 |    24 |       ||    85
       Conjure Flame     |       |     1 |     5 |     4 |     2 ||    12
       Throw Flame       |       |     1 |       |     5 |       ||     6
       Sticky Flame      |       |     3 |    11 |    16 |     9 ||    39
       Inner Flame       |       |       |     5 |     2 |       ||     7
       Fireball          |       |       |     7 |     7 |    11 ||    25
       Bolt of Magma     |       |       |       |    17 |     1 ||    18
       Bolt of Fire      |       |       |       |    24 |    40 ||    64
       Freezing Cloud    |       |       |       |     4 |    10 ||    14
       Iron Shot         |       |       |       |     4 |    10 ||    14
       Orb of Destructio |       |       |       |       |    11 ||    11
       Lee's Rapid Decon |       |       |       |       |     1 ||     1
  Use: Potion            |       |     1 |     1 |     2 |     2 ||     6
       Scroll            |       |       |       |     3 |    13 ||    16
 Stab: Sleeping          |       |     1 |     1 |     2 |       ||     4
  Eat: Chunk             |       |       |     2 |     2 |     4 ||     8
       Fruit             |       |       |       |     2 |    12 ||    14
       Meat ration       |       |       |       |     1 |       ||     1
Armor: Robe              |       |       |     1 |     1 |     2 ||     4
       Ring mail         |       |       |       |       |     2 ||     2
Dodge: Dodged            |     3 |     2 |    25 |    27 |    32 ||    89

Table legend:
 A = Spawn XP
 B = Non-spawn XP
 C = Spawn XP percentage of total XP
 D = Spawn monster count
 E = Non-spawn monster count
 F = Spawn count percentage of total count
 G = Total turns spent on level
                    A         B        C        D         E        F      G
               +---------+---------+-------+---------+---------+-------+---------
         Total |       0 |   72543 |   0.0 |       0 |     181 |   0.0 |  8093
               +---------+---------+-------+---------+---------+-------+---------
             D |       0 |   72543 |   0.0 |       0 |     181 |   0.0 |  8093
               +---------+---------+-------+---------+---------+-------+---------
